Cogmind - Beta 14 @@@ ROGUE MODE // 2024.10.13 @ 07:21:52 Player: laeb2 Result: Destroyed by M1-CAA(R) with Subdweller Laser Performance ------------- Evolutions (0) 0 Regions Visited (2) 400 Robots Destroyed (22) 110 Value Destroyed (409) 409 Prototype IDs (0) 0 Alien Tech Used (0) 0 Bonus (0) 0 TOTAL SCORE: 919 Bonus ------- None Cogmind --------- Core Integrity 0/250 Matter 275/300 Energy 90/250 System Corruption 1% Temperature Cool (6) Movement Treading (160) Location -10/Subcaves Parts ------- > --- POWER (1) -------- Ion Engine > --- PROPULSION (2) --- Light Treads Light Treads > --- UTILITY (2) ------ Large Storage Unit Signal Interpreter > --- WEAPON (2) ------- Medium Laser Medium Laser > --- INVENTORY (15) --- Light Ion Engine Light Treads Light Treads Heat Sink Small Storage Unit Structural Scanner Improved Terrain Scanner Improved Terrain Scanner Hacking Suite Assault Rifle Grenade Launcher Datajack Mining Laser Welding Torch Peak State ------------ > --- POWER ------------ Light Ion Engine > --- PROPULSION ------- Light Treads Light Treads > --- UTILITY ---------- Large Storage Unit Improved Terrain Scanner > --- WEAPON ----------- Medium Laser Medium Laser > --- INVENTORY -------- Light Ion Engine Light Ion Engine Light Treads Light Treads Small Storage Unit Improved Terrain Scanner EM Pulse Gun Assault Rifle [Rating: 10] Favorites ----------- Power Light Ion Engine Engine Light Ion Engine Propulsion Light Treads Treads Light Treads Utility Large Storage Unit Device Improved Terrain Scanner Storage Large Storage Unit Processor Signal Interpreter Weapon Medium Laser Energy Gun Medium Laser Launcher Grenade Launcher Special Weapon Mining Laser Special Melee Weapon Datajack Build | -11 -10 -10 ------- Run | Yrd Mat Sub Slots Evolved . | . . . Power . | . . . Propulsion . | . . . Utility . | . . . Weapon . | . . . Parts Attached 28 | 7 12 9 Power 3 | 1 1 1 Engine 3 | 1 1 1 Core . | . . . Reactor . | . . . Propulsion 5 | 2 3 . Treads 5 | 2 3 . Leg . | . . . Wheel . | . . . Hover . | . . . Flight . | . . . Utility 4 | 2 2 . Device 1 | 1 . . Storage 2 | 1 1 . Processor 1 | . 1 . Hackware . | . . . Protection . | . . . Artifact . | . . . Weapon 16 | 2 6 8 Energy Gun 10 | 2 4 4 Energy Cannon . | . . . Ballistic Gun . | . . . Ballistic Cannon . | . . . Launcher 1 | . 1 . Special Weapon 4 | . . 4 Impact Weapon . | . . . Slashing Weapon . | . . . Piercing Weapon . | . . . Special Melee Weapon 1 | . 1 . Unidentified Prototypes . | . . . Parts Lost 2 | . 1 1 Power 1 | . . 1 Propulsion . | . . . Utility . | . . . Weapon 1 | . 1 . Highest Loss Streak 1 | . 1 1 To Critical Strikes . | . . . Average Slot Usage (%) 99 | . 99 100 Engine 13 | . 13 14 Treads 27 | . 27 28 Device 2 | . 3 . Storage 14 | . 14 14 Processor 11 | . 10 14 Energy Gun 25 | . 26 24 Special Weapon 1 | . . 3 Peak Build Rating 10 | 9 10 9 Average Rating 8 | 6 8 8 On Entrance 6 | . 9 9 Naked Turns . | . . . Heaviest Build 28 | 13 28 27 Greatest Support 40 | 40 40 40 Greatest Overweight (x) 1 | 1 1 . Average Overweight (x) . | . . . Largest Inventory Capacity 15 | 8 15 15 Average Capacity 14 | 7 14 15 Most Carried 15 | 7 15 15 Average Carried 12 | 3 12 14 Final Capacity 15 | 8 15 15 Final Carried 15 | 4 15 14 Class Distribution -------------------- 100% | Mutant Dominant Class ---------------- Mutant | -10/Materials Mutant | -10/Subcaves Resources | -11 -10 -10 ----------- Run | Yrd Mat Sub Matter Collected 470 | 206 184 80 Remotely . | . . . Salvage Created 631 | 25 380 226 Parts 57 | 8 40 9 Haulers Intercepted 1 | . 1 . Recyclers Shooed 1 | . 1 . Parts Field Recycled . | . . . Retrieved Matter . | . . . Parts Self-Destructed . | . . . Prevented . | . . . Kills | -11 -10 -10 ------- Run | Yrd Mat Sub Combat Hostiles Destroyed 15 | . 13 2 Guns 13 | . 11 2 AOE 2 | . 2 . Classes Destroyed 7 | 1 5 1 Tunneler 2 | 2 . . Hauler 1 | . 1 . Operator 1 | . 1 . Watcher 3 | . 3 . Swarmer 9 | . 9 . Grunt 4 | . 4 . Subdweller 2 | . . 2 Best Kill Streak 4 | 1 4 1 Combat Bots Only 3 | . 3 1 Max Kills in Single Turn 2 | 1 2 1 Gunslinging . | . . . Exploded 2 | . 2 . Melee . | . . . Uniques/NPCs Destroyed . | . . . Combat | -11 -10 -10 -------- Run | Yrd Mat Sub Hostile Shots Fired 84 | . 72 12 Missed 17 | . 13 4 Damage Taken 896 | . 572 324 Core 257 | . 127 130 Absorbed by Shields . | . . . Core Remaining (%) 100 | 100 . . Volleys Fired 105 | 5 45 55 Largest 2 | 2 2 2 Hottest 150 | 90 100 150 Shots Fired 187 | 7 89 91 Gun 163 | 7 88 68 Cannon . | . . . Launcher 1 | . 1 . Special 23 | . . 23 Kinetic . | . . . Thermal 184 | 5 88 91 Explosive 1 | . 1 . Electromagnetic 2 | 2 . . Robot Hit Streak 19 | 3 14 19 Robot Miss Streak 5 | 2 5 1 Penetration Max . | . . . Secondary Targets 2 | . 2 . Max Gunslinging Chain 1 | . 1 . Shots Hit Robots 114 | 5 57 52 Core Hits 37 | 2 25 10 Critical Kills . | . . . Critical Parts Destroyed . | . . . Critical Strikes 7 | . 2 5 Burn 7 | . 2 5 Melee Attacks . | . . . Impact . | . . . Slashing . | . . . Piercing . | . . . Sneak Attacks . | . . . Combat Hostiles . | . . . Follow-up Attacks . | . . . Damage Inflicted 1464 | 63 901 500 Guns 1340 | 63 777 500 Cannons . | . . . Explosions 124 | . 124 . Melee . | . . . Ramming . | . . . Kinetic . | . . . Thermal 1327 | 50 777 500 Explosive 124 | . 124 . Electromagnetic 13 | 13 . . Impact . | . . . Slashing . | . . . Piercing . | . . . Highest Corruption 1 | . 1 1 Average Corruption 1 | . 1 1 Corruption Purged . | . . . Corruption Blocked . | . . . Effects 9 | . 3 6 Message Errors 2 | . 1 1 Matter Fused 1 | . 1 . Heat Flow Errors 1 | . . 1 Energy Discharges 2 | . . 2 Data Loss (minor) 1 | . 1 . Misfires 2 | . . 2 Overload Shots . | . . . Overflow Damage . | . . . Projectiles . | . . . Explosions . | . . . Melee . | . . . Knockbacks . | . . . Impact . | . . . Kinetic . | . . . Secondary . | . . . Self-Inflicted Damage . | . . . Shots . | . . . Rammed . | . . . Targets Rammed . | . . . Kicked . | . . . Crushed . | . . . Highest Temperature 342 | 60 342 72 Average Temperature 100 | 21 106 53 Received Heat Transfer 141 | . 93 48 Siege Activations . | . . . Robots Corrupted . | . . . Combat Hostiles . | . . . Parts Fried . | . . . Impact Corruptions . | . . . Robots Melted . | . . . Combat Hostiles . | . . . Parts Melted 8 | . 8 . Heat Transferred 4366 | 148 2368 1850 Parts Sabotaged . | . . . Parts Stolen . | . . . Parts Stripped . | . . . Power Chain Reactions . | . . . Alert | -11 -10 -10 ------- Run | Yrd Mat Sub Peak Influence 256 | 10 256 . Initial 6 | . 6 . Average 65 | 3 72 . Maximum Alert Level 1 | . 1 . Low Security (%) 93 | 100 93 . Level 1 6 | . 6 . Level 2 . | . . . Level 3 . | . . . Level 4 . | . . . Level 5 . | . . . High Security . | . . . Max Security . | . . . Squads Dispatched 2 | . 2 . Investigation . | . . . Extermination . | . . . Reinforcement 2 | . 2 . Assault . | . . . Garrison . | . . . Intercept . | . . . Searches Triggered . | . . . Construction Impeded . | . . . Haulers Reinforced . | . . . Active Scanning Responses . | . . . Cargo Convoy Interrupts . | . . . Stealth | -11 -10 -10 --------- Run | Yrd Mat Sub Distress Signals . | . . . Communications Jammed . | . . . Distress Signals . | . . . Times Spotted 27 | . 24 3 Peak Tracking Total 3 | . 3 1 Tactical Retreats 1 | . 1 . Traps | -11 -10 -10 ------- Run | Yrd Mat Sub Traps Triggered 3 | . 3 . Indirectly . | . . . Trap Hack Attempts 24 | . 24 . Triggered . | . . . Disarmed . | . . . Reprogrammed 3 | . 3 . Reused . | . . . Traps Extracted . | . . . Installed . | . . . Triggered . | . . . Machines | -11 -10 -10 ---------- Run | Yrd Mat Sub Machines Disabled 1 | . 1 . Max in Single Turn 1 | . 1 . Machines Repaired . | . . . Machines Dismantled . | . . . Machines Sabotaged . | . . . Overloaded Fab Kills . | . . . Hacking | -11 -10 -10 --------- Run | Yrd Mat Sub Machines Accessed 5 | . 5 . Terminals 5 | . 5 . Fabricators . | . . . Repair Stations . | . . . Recycling Units . | . . . Scanalyzers . | . . . Garrison Access . | . . . Total Hacks 16 | . 16 . Successful 6 | . 6 . Failed 10 | . 10 . Catastrophic . | . . . Database Lockouts . | . . . Manual 16 | . 16 . Terminals 16 | . 16 . Fabricators . | . . . Repair Stations . | . . . Recycling Units . | . . . Scanalyzers . | . . . Garrison Access . | . . . Terminal Hacks 2 | . 2 . Robot Analysis 2 | . 2 . Fabricator Hacks . | . . . Repair Station Hacks . | . . . Recycling Unit Hacks . | . . . Scanalyzer . | . . . Garrison Access Hacks . | . . . Unauthorized Hacks 4 | . 4 . Terminals 4 | . 4 . Botnet 4 | . 4 . Fabricators . | . . . Repair Stations . | . . . Recycling Units . | . . . Scanalyzers . | . . . Garrison Access . | . . . Data Cores Recovered . | . . . Used . | . . . Hacking Detections 5 | . 5 . Full Trace Events 2 | . 2 . Feedback Events . | . . . Feedback Blocked . | . . . Robot Schematics Acquired . | . . . Robots Built . | . . . Authchips . | . . . Time . | . . . Total Robot Build Rating . | . . . Part Schematics Acquired . | . . . Parts Built . | . . . Authchips . | . . . Time . | . . . Total Part Build Rating . | . . . Parts Repaired . | . . . Time . | . . . Parts Recycled . | . . . Recycled Matter . | . . . Retrieved Matter . | . . . Retrieved Components . | . . . Parts Scanalyzed . | . . . Part Schematics Acquired . | . . . Parts Damaged . | . . . Bothacking | -11 -10 -10 ------------ Run | Yrd Mat Sub Used RIF Installer . | . . . Robots Hacked . | . . . Non-combat . | . . . Combat . | . . . Robot Hacks Applied . | . . . Relay Couplers Released . | . . . Fabnet Peak Effective % . | . . . Robots Rewired . | . . . Allies Hacked . | . . . Hacks Repelled . | . . . Allies | -11 -10 -10 -------- Run | Yrd Mat Sub Total Allies . | . . . Largest Group . | . . . Highest-Rated Group . | . . . Highest-Rated Ally . | . . . Total Orders . | . . . Ally Attacks . | . . . Total Damage . | . . . Kills . | . . . Allies Corrupted . | . . . Allies Melted . | . . . Intel | -11 -10 -10 ------- Run | Yrd Mat Sub Robot Analysis Total 2 | . 2 . Derelict Logs Recovered . | . . . Drone Launches . | . . . Drone Recoveries . | . . . Exploration | -11 -10 -10 ------------- Run | Yrd Mat Sub Turns Passed 2369 | 155 1378 836 Spaces Moved 843 | 86 506 251 Core 15 | 15 . . Treads 828 | 71 506 251 Legs . | . . . Wheels . | . . . Hover . | . . . Flight . | . . . Fastest Speed 50 | 50 160 160 Average Speed 158 | 143 160 160 Slowest Speed 240 | 160 240 160 Overloaded Moves . | . . . Propulsion Burnouts . | . . . Robots Hopped . | . . . Cave-ins Triggered 1 | . . 1 Exploration Rate (%) 33 | 6 77 16 Regions Visited 2 Branch Regions 1 Pre-discovered Areas . | . . . Known Exits Taken 1 | . 1 . Unknown Exits Taken 1 | 1 . . Scrap Searched . | . . . Spaces Dug 15 | . . 15 Terrain Destroyed 20 | . 5 15 Melee . | . . . Projectile 15 | . . 15 AOE 5 | . 5 . Terrain Rammed . | . . . Walls Destroyed . | . . . Machines Disabled . | . . . Actions | -11 -10 -10 --------- Run | Yrd Mat Sub Total 1642 | 110 983 549 Wait 609 | 3 372 234 Move 841 | 85 505 251 Hop . | . . . Pick Up 28 | 10 18 . Fast Attach 3 | 1 2 . Attach 10 | 6 3 1 Detach 1 | . 1 . Swap 15 | . 7 8 Drop 6 | . 6 . Fire 105 | 5 45 55 Melee . | . . . Ram . | . . . Kick . | . . . Crush . | . . . Escape Stasis . | . . . Rewire . | . . . Trap 24 | . 24 . Miscellaneous . | . . . Route ------- -11/Scrapyard -10/Materials (discovered 4 exits: *Mat x2 / *Min / *Sub) -10/Subcaves (discovered 1 exit: *Mat) History --------- Turn | Location | Event 6 | -11/Scrapyard | Discovered new exit (range 15) 156 | -11/Scrapyard | Entered Materials 307 | -10/Materials | Build established: Mutant 495 | -10/Materials | Discovered new exit (range 16) 649 | -10/Materials | Identified exit to Materials 854 | -10/Materials | Core integrity fell below 50% 948 | -10/Materials | Discovered exit to Materials (range 16) 1260 | -10/Materials | Discovered new exit (range 7) 1271 | -10/Materials | Identified exit to Mines 1526 | -10/Materials | Discovered new exit (range 3) 1532 | -10/Materials | Identified exit to Subcaves 1534 | -10/Materials | Entered Subcaves 1559 | -10/Subcaves | A swath of the cavern ceiling suddenly collapsed 1990 | -10/Subcaves | Discovered new exit (range 9) 2002 | -10/Subcaves | Identified exit to Materials 2325 | -10/Subcaves | Crushed by falling debris 2325 | -10/Subcaves | Core integrity fell below 20% 2370 | -10/Subcaves | Destroyed by M1-CAA(R) with Subdweller Laser Last Messages --------------- Laser. System corrupted: Med. Laser misfires. EU-4DI(R) destroyed. Acquired 30 matter. Subatomizers dissect the Disposable Heat Sink. EXIT=FOUND EXIT=IDENTIFIED: MATERIALS C1-CIL(R) suffers critical hit (Burn). C1-CIL(R) destroyed. 6B-BI8(R) suffers critical hit (Burn). 6B-BI8(R) destroyed. NM-2KW(R) suffers critical hit (Burn). Subatomizers dissect the Sub. Monowheel. TCXYZ4B9W9BFQ :YBA&/CXQ#HIYMP4|T NM-2KW(R) destroyed. Subatomizers dissect the Sub. Optics. The unstable cave ceiling collapses. Crushed by falling debris. M1-CAA(R): "ARGHSUB!" Lgt. Ion Engine destroyed. Map ----- +----------------------------------------------------+ | | | | | | | | | | | | | | | ?????????????????????????????????????????????????? | | ?????????????????????????????????????????????????? | | ?????????????????????????????????????????????????? | | ?????????????????????????????????????????????????? | | ?????????????????????????????????????????????????? | | ?????????????????????????????????????????????????? | | ?????????????????????????????????????????????????? | | ?????????????????????????????????????????????????? | | ?????????????????????????????????????????????????? | | ?????????????????????????????????????????????????? | | ?????????????????????????????????????????????????? | | ?????????????????????????????????????????????????? | | ?????????????????????????????????????????????????? | | ?????????????????????????????????????????????????? | | ?????????????????????????????????????????????????? | | ?????????????######??####??#?????????????????????? | | ?????????##### # #### ## #?????????????????????? | | ?????????# # #R#?????????????????????? | | ????????## # # ####@#??????????????????????? | | ????????# # #######?# #??????????????????????? | | ????????# ####???????####??????????????????????? | | ????????# #????????????????????????????????????? | | ????????# ##???????????????????????????????????? | | ????????# ##??????????????????????????????????? | | ????????# #??????????????????????????????????? | | ????????## #??????????????????????????????????? | | ????##### #??????????????????????????????????? | | ????# #??????????????????????????????????? | | ????## #??????????????????????????????????? | | ?????## #??????????????????????????????????? | | ??????## #????????????????????????????????### | | ???????# #??????????????????????????????## # | | ??????## ####??????????????????????????????# # | | ??????# #?????????????????????????????????# # | | ??????#### ##????????????????????????????##### # | | ????????## #????????#######?????????????# &%" ## | | ????????# #????????#"""""##????###?????#" """##? | | ???????## ###???????# #??### ####??# *=!%#?? | | ???????# # #????????# ""#### # ##?# &%!"#?? | | ???????# ##????????#""""" #?## [ "?? | | ??????## #???????##"" ### & #?? | | ??????# #?????###"" "" # < ## #?? | | ??????## # ##???### """ "##"""" #?? | +----------------------------------------------------+ Best States ------------- Heat Dissipation 25 Energy Generation 10 Energy Capacity 250 Matter Stores 300 Matter Capacity 300 Sight Range 16 Terrain Scan Range 16 Terrain Scan Density 10 Evasion (%) 50 Recoil Reduction 2 Item Schematics ----------------- None Robot Schematics ------------------ None Fabricated ------------ Nothing Alien Tech Used ----------------- None Achievements -------------- Hehehe Challenges ------------ None Game ------ Seed ActiveCargoSubcomponent Manual? 0 Play Time 00:13:33 Cumulative 47.1 hours Start 2024.10.13 @ 07:09:26 End 2024.10.13 @ 07:21:52 Sessions 1 Manual Loads 0 Difficulty Rogue Special Mode None Game No. 65 Rogue 65 Adventurer 0 Explorer 0 Win Type - Total 1 Types 1/0/0/0/0/0/0/0/0 Lore% 34 Gallery% 41 Achievement% 39 Wizard Run 0 Options --------- Layout 1 ASCII 0 Keyboard 0 Movement Mouse Keybinds 0 Fullscreen 1 Font 32/SmallcapsGlow Map View 50x35 Zoom Use 0% Tactical HUD 0 Map Filters NONE Filters NONE Steam 1 RUN: d38875b3-8502-4850-8bbf-7fcfeff25fd5